 Dungeon Crawl Stone Soup version 0.31-a0-1338-gb567cfdca4 (webtiles) character file.

Game seed: 17994370113441067359

1923804 Lobster4 the Meteorologist (level 27, 137/164 HPs)
             Began as a Tengu Air Elementalist on Dec 20, 2023.
             Was the Champion of Vehumet.
             Escaped with the Orb
             ... and 4 runes on Dec 21, 2023!
             The game lasted 06:17:08 (101803 turns).

Lobster4 the Meteorologist (TeAE)                 Turns: 101803, Time: 06:17:08

Health: 137/164    AC: 33    Str: 11    XL:     27
Magic:  64/64      EV: 20    Int: 31    God:    Vehumet [******]
Gold:   5098       SH:  9    Dex: 17    Spells: 0/80 levels left

rFire   + . .        a - +3 Elemental Staff {ele, rElec rF+ rC+ AC+3}
rCold   + + .        l - +3 buckler {AC+3}
rNeg    + . .        D - quicksilver dragon scales
rPois   +            S - +2 hat
rElec   +            c - +4 dragonskin cloak
rCorr   +            t - +3 pair of gloves of Words of Power {rC++}
SInv    .            (boots unavailable)
Will    +++..        e - amulet of Naet {RegenMP +Inv rPois}
Stlth   +            g - ring "Semogubbi" {+Blink rN+ MP+9}
HPRegen 0.47/turn    A - ring "Jegoghess" {rElec rC- rCorr Int+6 Stlth+}
MPRegen 0.79/turn

%: acrobat
@: swift, flying, studying 3 skills, very quick
A: beak, talons 3, evasive flight, acrobatic, frail 1, persistent drain
0: Orb of Zot
}: 4/15 runes: serpentine, barnacled, slimy, silver
a: Renounce Religion, Evoke Blink, Evoke Invisibility


You escaped.
You worshipped Vehumet.
Vehumet was exalted by your worship.
You visited 12 branches of the dungeon, and saw 56 of its levels.
You also visited: Trove and Bailey.

You collected 8437 gold pieces.
You spent 3339 gold pieces at shops.

Inventory:

Hand Weapons
 a - the +3 Elemental Staff (weapon) {ele, rElec rF+ rC+ AC+3}
   (You took it off a deep elf pyromancer on level 10 of the Dungeon)

   AC+3:      It affects your AC (+3).
   rF+:       It protects you from fire.
   rC+:       It protects you from cold.
   rElec:     It insulates you from electricity.
 b - the +3 rapier "Zith" {speed, SInv Stlth+}
   (You took it off an orc wizard on level 9 of the Dungeon)

   SInv:      It lets you see invisible.
   Stlth+:    It makes you more stealthy.
 F - the +7 lajatang of Order {silver, rMut}
   (You acquired it on level 13 of the Dungeon)

   rMut:      It protects you from mutation.
Missiles
 J - 19 curare-tipped darts (quivered)
 M - a throwing net
Armour
 c - the +4 dragonskin cloak (worn)
   (You took it off Tiamat on level 3 of the Realm of Zot)

   Avatar's Aegis: It grants the wearer a chance to resist fire, cold, poison,
   electricity, acid, and negative energy.
 l - a +3 buckler of protection (worn)
 t - the +3 pair of gloves of Words of Power (worn) {rC++}
   (You found it in a bailey)

   rC++:      It greatly protects you from cold.
 D - quicksilver dragon scales (worn)
 S - a +2 hat (worn)
Jewellery
 e - the amulet of Naet (around neck) {RegenMP +Inv rPois}
   (You acquired it on level 10 of the Dungeon)

   [amulet of magic regeneration]

   RegenMP:   It increases your rate of magic regeneration.
   rPois:     It protects you from poison +Inv: It lets you turn invisible.
 g - the ring "Semogubbi" (left hand) {+Blink rN+ MP+9}
   (You took it off a deep elf pyromancer on level 3 of the Elven Halls)

   [ring of magical power]

   rN+:       It protects you from negative energy.
   MP+9:      It affects your magic capacity (+9).
   +Blink:    It lets you blink.
 u - a ring of willpower
 A - the ring "Jegoghess" (right hand) {rElec rC- rCorr Int+6 Stlth+}
   (You took it off a tengu warrior on level 4 of the Depths)

   [ring of intelligence]

   Int+6:     It affects your intelligence (+6).
   rC-:       It makes you vulnerable to cold.
   rElec:     It insulates you from electricity.
   rCorr:     It protects you from acid and corrosion.
   Stlth+:    It makes you more stealthy.
 O - the ring of Yvving {MP+9 Str+3}
   (You found it on level 9 of the Dungeon)

   [ring of magical power]

   Str+3:     It affects your strength (+3).
   MP+9:      It affects your magic capacity (+9).
 P - a ring of protection from fire
Wands
 m - a wand of flame (43)
 n - a wand of digging (22)
 o - a wand of polymorph (16)
 y - a wand of quicksilver (39)
 E - a wand of mindburst (49)
 K - a wand of iceblast (67)
Scrolls
 h - 14 scrolls of teleportation
 i - 6 scrolls of immolation
 k - 12 scrolls of revelation
 q - 8 scrolls of noise
 z - 5 scrolls of fog
 G - 11 scrolls of fear
 H - 2 scrolls of butterflies
 N - 4 scrolls of blinking
 R - 4 scrolls of silence
 X - 5 scrolls of poison
Potions
 d - 6 potions of brilliance
 f - a potion of magic
 j - 3 potions of berserk rage
 p - 8 potions of enlightenment
 s - 7 potions of cancellation
 w - 10 potions of might
 C - 13 potions of heal wounds
 I - 4 potions of ambrosia
 L - 15 potions of curing
 Q - 14 potions of mutation
 U - 6 potions of attraction
 V - 4 potions of invisibility
 W - 11 potions of lignification
Miscellaneous
 r - a phantom mirror
 x - a sack of spiders
 B - a tin of tremorstones (2/2)
 T - a phial of floods
 Y - a lightning rod (4/4)


   Skills:
 + Level 21.5 Fighting
 - Level 1.0 Short Blades
 - Level 10.0 Staves
 - Level 1.0 Throwing
 - Level 15.0 Armour
 - Level 12.0 Dodging
 - Level 2.0 Stealth
 - Level 6.0 Shields
 - Level 5.0 Unarmed Combat
 O Level 27 Spellcasting
 O Level 27 Conjurations
 + Level 7.6 Summonings
 - Level 10.0 Fire Magic
 O Level 27 Air Magic
 + Level 9.8 Earth Magic
 - Level 2.0 Alchemy
 - Level 10.0 Evocations


You couldn't memorise any spells.
You knew the following spells:

 Your Spells              Type           Power      Damage    Failure   Level
a - Shock                 Conj/Air       100%       1d9       0%          1
c - Airstrike             Air            71%        2d(11-27) 0%          4
d - Stone Arrow           Conj/Erth      100%       3d13      0%          3
f - Freezing Cloud        Conj/Ice/Air   74%        6-21      0%          5
g - Conjure Ball Lightni  Conj/Air       71%        3x3d26    0%          6
h - Chain Lightning       Conj/Air       71%        3d95      1%          9
i - Summon Lightning Spi  Summ/Air       100%       N/A       0%          4
j - Iskenderun's Mystic   Conj/Tloc      90%        2d18      1%          4
k - Arcjolt               Conj/Air       71%        1d81      0%          5
l - Lehudib's Crystal Sp  Conj/Erth      62%        10d14     1%          8
m - Maxwell's Capacitive  Air            71%        ∞         1%          8
o - Orb of Destruction    Conj           59%        9d14      0%          7
p - Plasma Beam           Fire/Air       75%        2x1d92    1%          6
s - Swiftness             Air            100%       N/A       0%          3
v - Spellforged Servitor  Conj/Summ      49%        N/A       1%          7

Your spell library contained the following spells:

 Spells                   Type           Power      Damage    Failure   Level
 Ignition                 Fire           51%        3d14      36%         8
 Foxfire                  Conj/Fire      100%       2x1d9     0%          1
 Kiss of Death            Conj/Necr      100%       2d13      0%          1
 Magic Dart               Conj           100%       1d8       0%          1
 Sting                    Conj/Alch      100%       1d9       0%          1
 Momentum Strike          Conj/Tloc      100%       3d10      0%          2
 Searing Ray              Conj           100%       2d8       0%          2
 Static Discharge         Conj/Air       100%       3-8/arc   0%          2
 Hailstorm                Conj/Ice       100%       3d16      0%          3
 Brom's Barrelling Bould  Conj/Erth      100%       2d11      0%          4
 Flame Wave               Conj/Fire      100%       2d21      0%          4
 Fireball                 Conj/Fire      62%        3d24      0%          5
 Iskenderun's Battlesphe  Conj           100%       2d15      0%          5
 Apportation              Tloc           82%        N/A       1%          1
 Freeze                   Ice            100%       1d10      1%          1
 Sandblast                Erth           100%       2d20      1%          1
 Blink                    Tloc           82%        N/A       1%          2
 Call Imp                 Summ           100%       N/A       1%          2
 Cigotuvi's Dreadful Rot  Necr/Alch/Air  100%       N/A       1%          2
 Ensorcelled Hibernation  Hex/Ice        100%       N/A       1%          2
 Jinxbite                 Hex            82%        N/A       1%          2
 Lesser Beckoning         Tloc           82%        N/A       1%          2
 Passwall                 Alch/Erth      72%        N/A       1%          2
 Scorch                   Fire           100%       2d9       1%          2
 Sublimation of Blood     Necr           41%        N/A       1%          2
 Call Canine Familiar     Summ           73%        N/A       1%          3
 Inner Flame              Hex/Fire       83%        N/A       1%          3
 Animate Armour           Summ/Erth      100%       N/A       1%          4
 Ignite Poison            Fire/Alch      87%        N/A       1%          4
 Petrify                  Alch/Erth      87%        N/A       1%          4
 Sticky Flame             Fire/Alch      87%        2d13      1%          4
 Vhi's Electric Charge    Tloc/Air       100%       N/A       1%          4
 Lee's Rapid Deconstruct  Erth           50%        3d24*     1%          5
 Silence                  Hex/Air        56%        N/A       1%          5
 Bombard                  Conj/Erth      62%        9d10      1%          6
 Starburst                Conj/Fire      62%        6d16      1%          6
 Summon Ice Beast         Ice/Summ       78%        N/A       3%          4
 Confusing Touch          Hex            41%        N/A       4%          3
 Fugue of the Fallen      Necr           41%        N/A       4%          3
 Gell's Gravitas          Tloc           41%        N/A       4%          3
 Ozocubu's Armour         Ice            58%        N/A       4%          3
 Sigil of Binding         Hex            41%        N/A       4%          3
 Teleport Other           Tloc           41%        N/A       4%          3
 Tukima's Dance           Hex            41%        N/A       4%          3
 Borgnjor's Vile Clutch   Necr/Erth      41%        N/A       4%          5
 Yara's Violent Unravell  Hex/Alch       24%        3d11      7%          5
 Summon Forest            Summ/Tloc      30%        N/A       9%          5
 Summon Mana Viper        Hex/Summ       60%        N/A       9%          5
 Summon Cactus Giant      Summ           36%        N/A       10%         6
 Animate Dead             Necr           41%        N/A       14%         4
 Cause Fear               Hex            20%        N/A       14%         4
 Dimensional Bullseye     Hex/Tloc       20%        N/A       14%         4
 Dispel Undead            Necr           41%        3d16      14%         4
 Manifold Assault         Tloc           41%        N/A       14%         4
 Passage of Golubria      Tloc           41%        N/A       14%         4
 Alistair's Intoxication  Alch           35%        N/A       17%         5
 Fire Storm               Conj/Fire      62%        8d16      17%         9
 Monstrous Menagerie      Summ           36%        N/A       45%         7
 Summon Hydra             Summ           36%        N/A       45%         7
 Death Channel            Necr           20%        N/A       91%         6
 Dispersal                Tloc           20%        N/A       91%         6
 Simulacrum               Ice/Necr       29%        N/A       91%         6
 Haunt                    Necr/Summ      30%        N/A       94%         7
 Malign Gateway           Summ/Tloc      30%        N/A       94%         7
 Summon Horrible Things   Summ           36%        N/A       99%         8
 Enfeeble                 Hex            20%        N/A       100%        7
 Borgnjor's Revivificati  Necr           20%        N/A       100%        8
 Death's Door             Necr           20%        N/A       100%        9
 Dragon's Call            Summ           36%        N/A       100%        9


Dungeon Overview and Level Annotations

Branches:
Dungeon (15/15)            Temple (1/1) D:5            Lair (5/5) D:10
 Shoals (4/4) Lair:3        Snake (4/4) Lair:2        Slime (5/5) Lair:5
    Orc (2/2) D:10            Elf (3/3) Orc:2        Vaults (5/5) D:14
  Crypt (3/3) Vaults:2       Tomb (0/3) Crypt:3      Depths (4/4) D:15
    Zot (5/5) Depths:4     Bailey (visited)

Altars:
Ashenzari
Cheibriados
Dithmenos
Elyvilon
Fedhas
Gozag
Hepliaklqana
Kikubaaqudgha
Makhleb
Nemelex Xobeh
Okawaru
Qazlal
Ru
Sif Muna
Trog
Uskayaw
Vehumet
Wu Jian
Xom
Yredelemnul
Zin
The Shining One
Jiyva

Shops:
D:3 (   Orc:2 (([[=   Elf:1 [   Elf:3 [   Shoals:3 *   Shoals:4 (   Depths:1 ?
Depths:3 [

Portals:
Hell: Depths:1 Depths:2 Depths:3 Depths:4
Abyss: Depths:3 Depths:4
Pandemonium: Depths:2
Ziggurat: Depths:4


Innate Abilities, Weirdness & Mutations

You have a beak for a mouth.
You have claws for feet.
Your magical flight helps you evade attacks. (EV +4)
You can magically evade attacks while moving or waiting.
You are frail. (-10% HP)
Your health recovers twice as slowly from being drained.


Message History

The sphere of damnation explodes!
The damnation engulfs you!!
Unknown command.
Casting: Chain Lightning (dangerous; 1% risk of failure)
Confirm with . or Enter, or press ? or * to list all spells.
You feel a surge of power! Lightning arcs from your hands!
The bolt of lightning hits the Hell Sentinel!!!
The Hell Sentinel resists.
The Hell Sentinel is almost dead.
The bolt of lightning hits you! You resist. The Hell Sentinel gestures at you.
The iron shot hits you!!!
Unknown command.
Casting: Chain Lightning (dangerous; 1% risk of failure)
Confirm with . or Enter, or press ? or * to list all spells.
You feel a surge of power! Lightning arcs from your hands!
The bolt of lightning hits the Hell Sentinel!!!
The Hell Sentinel resists.
You kill the Hell Sentinel!
Vehumet accepts your kill.
You feel your power returning. The bolt of lightning hits you. You resist.
Unknown command.
There is a stone staircase leading up here.
You are confused.
You feel invigorated.
You feel less invigorated.
You feel less confused.
You are confused.
You feel invigorated.
You feel less invigorated.
You feel less confused.
You start resting.
A large abomination comes into view.
You fly upwards.
There is a stone staircase leading down here.
Casting: Chain Lightning (dangerous; 1% risk of failure)
Confirm with . or Enter, or press ? or * to list all spells.
You feel a surge of power!
You feel quick.
There is an open door here.
There is a staircase leading out of the dungeon here.
You have escaped!

#..# #..#####.#####..#
#.#
#..###..#...#.#.[.#..#
##.#
........#.>.'.#...#..#
##.#.
#..####.#...#.#...#..#
#.### #..#
#..#####.##'##..#
##.#.
#..###...............#
##.#
........##'##.#####..#
###
#######.#...#.#...#..#
###.#...#.'.@.#..#
##.#.#...#.#...#.##
###
##.#..#####.#####†#
#..
##.###..†..........#
#.# ##.##
##.#.#..####### #.#
..## ##.........# #.#
...## ##.....#.##.####
#.#
....###.#...##.l.....#
#.#
.....#.###..#####.##.#
#.#


There were no monsters in sight!

Vanquished Creatures
  the Royal Jelly (Slime:5)
  5 dread liches
  Tiamat (Zot:3)
  3 orbs of fire
  5 ancient liches
  Mennas (Crypt:2)
  2 juggernauts (Depths:4)
  Vv (Zot:3)
  Xtahua (Depths:4)
  The ghost of Uferhotu the Impregnable, a veteran MiGl of Hepliaklqana (Crypt:1)
  The ghost of Uroast the Impregnable, a veteran MiGl of Hepliaklqana (Crypt:1)
  Vashnia (Snake:4)
  3 Killer Klowns
  2 pandemonium lords
  The ghost of Raxkuugy the Crack Shot, a master TeHu of Fedhas (Crypt:1)
  Saint Roka (Crypt:2)
  4 curse toes
  Nikola (Vaults:1)
  8 golden dragons
  A caustic shrike (Depths:3)
  The ghost of Hyrrirob the Devastator, a veteran GrEE of Lugonu (Crypt:1)
  The ghost of Waukhla the Imperceptible, a veteran KoBr of Wu Jian (Crypt:1)
  Norris (Elf:1)
  The ghost of Goociwk the Warrior, an adept GrFi of Cheibriados (Crypt:1)
  The ghost of Goociwk the Warrior, an adept GrFi of Cheibriados (Crypt:1)
  4 electric golems
  Zenata (Vaults:1)
  An Ice Fiend (D:13)
  10 Orb Guardians (Zot:5)
  Rupert (D:14)
  18 tentacled monstrosities
  A Hell Sentinel (D:2)
  A hellephant (Depths:2)
  A shard shrike skeleton (Crypt:2)
  5 quicksilver dragons
  7 titans (Vaults:5)
  2 deep elf blademasters (Elf:3)
  2 deep elf master archers (Elf:3)
  4 liches
  8 death cobs
  10 ancient champions
  A kraken (Shoals:4)
  6 sphinxes
  16 acid blobs
  Polyphemus (Shoals:2)
  5 tengu reavers
  Donald (Elf:3)
  13 storm dragons
  Aizul (Vaults:1)
  7 fire giants
  9 azure jellies
  9 rockslimes
  Kirke (Snake:2)
  3 nagarajas
  10 shadow dragons
  4 revenants
  5 draconian scorchers
  13 protean progenitors
  5 draconian monks
  9 draconian shifters
  24 vault wardens
  Ilsuiw (Shoals:2)
  A demonspawn warmonger (Zot:4)
  5 draconian knights
  5 deep elf sorcerers
  6 frost giants
  2 iron dragons (Vaults:5)
  Louise (D:14)
  A balrug (Depths:1)
  9 deep elf elementalists (Elf:3)
  2 ghost moths
  A caustic shrike zombie (Crypt:3)
  An orc warlord (Orc:2)
  3 curse skulls
  3 ghouls
  12 quicksilver oozes
  2 spriggan defenders (Depths:4)
  3 reapers
  10 vampire knights
  4 war gargoyles
  22 ironbound preservers
  18 very ugly things
  2 draconian annihilators (Zot:1)
  4 draconian stormcallers
  14 stone giants
  7 deep elf demonologists
  6 ironbound thunderhulks
  3 formless jellyfish
  A demonspawn corrupter (Zot:4)
  A rockslime zombie (Crypt:1)
  14 green draconians
  A juggernaut skeleton (Crypt:1)
  11 deep elf death magi
  13 black draconians
  9 deep elf annihilators
  2 pale draconians (Depths:4)
  A demonspawn black sun (Zot:4)
  2 bunyips (Zot:1)
  12 dire elephants
  9 purple draconians
  9 white draconians
  Azrael (Elf:2)
  6 ettins
  9 yellow draconians
  17 red draconians
  3 merfolk javelineers
  6 eidola
  2 mummy priests (Crypt:3)
  5 jiangshi
  6 fire dragons
  11 merfolk impalers
  14 yaktaur captains
  Josephine (Orc:1)
  An entropy weaver (shapeshifter) (D:13)
  7 deep elf high priests
  15 great orbs of eyes
  2 elf skeletons (Crypt:1)
  3 hydras
  48 vault guards
  5 salamander tyrants
  4 merfolk avatars
  The ghost of bmb222 the Carver, a journeyman FoMo of Okawaru (Lair:1)
  3 ogre magi (Vaults:5)
  21 centaur warriors
  A rakshasa (D:15)
  8 boulder beetles
  2 catoblepae
  A juggernaut simulacrum (Crypt:3)
  2 alligator snapping turtles
  8 ice dragons
  2 hell beasts (Depths:1)
  2 death knights
  7 ironbound frosthearts
  5 spriggan air magi
  A peacekeeper (Vaults:3)
  2 jorogumos (Zot:3)
  16 anacondas
  7 hell hogs (Depths:1)
  35 dancing weapons
  20 naga warriors
  4 merfolk aquamancers
  15 deep troll shamans
  3 satyrs (Shoals:3)
  11 deep troll earth magi
  9 two-headed ogres
  4 orc high priests
  A spriggan berserker (Depths:1)
  3 tengu warriors
  7 shock serpents
  2 shock serpents (shapeshifter)
  17 naga sharpshooters
  5 vampire magi
  19 death yaks
  4 occultists
  30 deep elf knights
  9 sun demons
  12 hell knights
  3 titan skeletons
  7 soul eaters
  A fire crab (Lair:5)
  5 sixfirhies
  9 skysharks
  18 skeletal warriors
  9 salamander mystics
  5 shadow wraiths
  9 iron trolls
  2 storm dragon skeletons (Crypt:1)
  A cherub (Depths:4)
  5 arcanists
  3 swamp dragons (Depths:4)
  An orb spider (shapeshifter) (Depths:4)
  Pikel (D:6)
  3 shadow demons
  4 bog bodies
  79 deep trolls
  12 sea snakes
  8 naga ritualists
  A spriggan simulacrum (Crypt:1)
  13 ironbound convokers
  14 deep elf archers
  6 glowing orange brains
  14 phantasmal warriors
  5 flayed ghosts
  8 necromancers
  2 lindwurms (Vaults:4)
  4 large abominations (Depths:4)
  8 orc knights
  33 deep elf zephyrmancers
  16 harpies
  12 mana vipers
  A frost giant zombie (Crypt:2)
  A shadow dragon skeleton (Vaults:5)
  9 manticores
  An oklob plant (Shoals:1)
  29 deep elf pyromancers
  40 salamanders
  4 orc sorcerers
  31 ugly things
  A wolf spider (Zot:3)
  A stone giant zombie (Vaults:1)
  10 shining eyes
  A faun (Shoals:2)
  8 cyclopes
  13 elephants
  7 water nymphs
  A kobold blastminer (Orc:2)
  A centaur zombie (Crypt:1)
  8 guardian serpents
  22 moths of wrath
  18 naga magi
  A rust devil (D:9)
  31 black mambas
  2 eyes of devastation
  A stone giant skeleton (Vaults:5)
  3 smoke demons
  18 merfolk sirens
  21 vault sentinels
  A cane toad (shapeshifter) (Elf:3)
  A torpor snail (Lair:2)
  A yaktaur zombie (Vaults:5)
  A torpor snail (shapeshifter) (Vaults:5)
  A dire elephant skeleton (Crypt:3)
  6 gargoyles
  A purple draconian zombie (Crypt:1)
  6 cane toads
  A centaur skeleton (Crypt:3)
  8 freezing wraiths
  3 efreet
  5 unseen horrors
  2 rime drakes (Lair:3)
  A green draconian zombie (Crypt:3)
  An unseen horror zombie (Crypt:3)
  34 yaktaurs
  11 komodo dragons
  An elf zombie (Vaults:1)
  Psyche (D:9)
  A yellow draconian zombie (Crypt:2)
  A grey draconian skeleton (Crypt:3)
  3 tengu conjurers
  5 guardian mummies (Crypt:3)
  30 merfolk
  A death yak skeleton (Crypt:2)
  An ice devil (D:14)
  2 hellwings
  A harpy zombie (Crypt:2)
  6 trolls
  A meliai (shapeshifter) (Vaults:5)
  6 wind drakes
  2 tyrant leeches (Zot:3)
  9 polar bears
  4 saltlings (Orc:2)
  A glass eye (Slime:4)
  A tengu simulacrum (Vaults:1)
  A boulder beetle zombie (Crypt:1)
  7 hornets
  2 hydra skeletons
  6 dream sheep
  9 blink frogs
  149 slime creatures
  8 snapping turtles
  16 spriggans
  4 air elementals
  9 wraiths
  2 shadows
  2 vampires
  A ynoxinul (Depths:4)
  A tyrant leech zombie (Crypt:2)
  A dire elephant simulacrum (Crypt:3)
  7 wyverns
  An ushabti (Crypt:3)
  8 fire elementals
  19 water elementals
  72 yaks
  6 basilisks
  6 wargs
  14 golden eyes
  8 steam dragons
  5 hogs (Snake:2)
  5 humans (D:14)
  A redback (shapeshifter) (Depths:4)
  7 chaos spawn
  42 nagas
  Grum (Lair:1)
  Menkaure (D:6)
  Edmund (D:6)
  4 small abominations (Depths:4)
  A faun zombie (Crypt:1)
  12 water moccasins
  19 orc warriors
  2 hell hounds (Elf:2)
  A swamp drake (Orc:1)
  A faun skeleton (Crypt:1)
  2 naga skeletons
  3 ice beasts
  2 human zombies
  6 black bears
  3 ogres
  A lindwurm zombie (Crypt:3)
  23 wolves
  8 boggarts
  A hog zombie (Crypt:2)
  7 centaurs
  A blink frog skeleton (Crypt:3)
  3 phantoms
  4 kobold brigands
  2 earth elementals
  Blork the orc (D:6)
  10 bullfrogs
  2 gnoll sergeants
  7 necrophages
  A scorpion (D:6)
  A human skeleton (Vaults:1)
  9 killer bees
  4 howler monkeys
  10 electric eels
  A crimson imp (Orc:1)
  15 orc priests
  2 iron imps
  6 jellies (Lair:5)
  A gnoll bouda (D:8)
  2 hounds
  5 sleepcaps
  2 iguanas
  Ijyb (D:4)
  34 orc wizards
  2 hell rats (Lair:3)
  An acid dragon zombie (Crypt:3)
  12 mummies (Crypt:3)
  4 adders
  16 gnolls
  6 river rats (Lair:3)
  2 shadow imps
  3 white imps
  6 ufetubi
  An adder skeleton (Crypt:3)
  2 worms
  3 dart slugs
  125 orcs
  8 ball pythons
  3 bats
  9 endoplasms
  2 giant cockroaches (D:4)
  18 goblins
  7 hobgoblins
  4 jackals
  32 kobolds
  2 quokkas
  2 frilled lizards
  9 rats
  20 aspiring fleshes
  3 tentacles (Shoals:4)
2676 creatures vanquished.

Vanquished Creatures (collateral kills)
  A tentacled monstrosity (Zot:5)
  16 Orb Guardians (Zot:5)
  A sphinx (Depths:3)
  An ancient champion (Crypt:3)
  A storm dragon (Zot:5)
  A draconian monk (Zot:3)
  A draconian knight (Zot:5)
  2 ghouls
  2 green draconians (Zot:5)
  A vampire knight (Crypt:2)
  A white draconian (Zot:1)
  2 jiangshi (Crypt:3)
  A yaktaur captain (Vaults:5)
  An ironbound frostheart (Vaults:5)
  A titan skeleton (Crypt:3)
  A skeletal warrior (Crypt:3)
  An orc knight (Vaults:5)
  A sphinx simulacrum (Vaults:5)
  A vault sentinel (Vaults:5)
  A naga skeleton (Crypt:3)
  2 yaktaurs (Vaults:5)
  A necrophage (Crypt:2)
  4 kobolds (D:8)
  A kobold zombie (Crypt:2)
  23 ball lightnings
69 creatures vanquished.

Vanquished Creatures (others)
  A golden dragon (Zot:1)
  A black draconian (Depths:4)
  A deep elf knight (Elf:3)
  A deep elf pyromancer (Elf:2)
  An orc sorcerer (Elf:1)
  A kobold brigand (D:8)
  A lemure (D:6)
  An orc (Orc:1)
  704 ball lightnings
  A tentacle (Shoals:4)
713 creatures vanquished.

Grand Total: 3458 creatures vanquished

Notes
Turn   | Place    | Note
-------+----------+-------------------------------------------
     0 | D:1      | Lobster4 the Tengu Air Elementalist began the quest for the
                  | Orb.
     0 | D:1      | Reached XP level 1. HP: 10/10 MP: 4/4
   234 | D:1      | Reached XP level 2. HP: 16/16 MP: 1/6
   445 | D:1      | Learned a level 2 spell: Static Discharge
  1237 | D:2      | Reached XP level 3. HP: 20/20 MP: 4/7
  1277 | D:2      | Reached skill level 1 in Fighting
  1511 | D:2      | Found a bloodstained altar of Trog.
  1635 | D:2      | Reached skill level 1 in Armour
  1746 | D:2      | Identified the +0 leather armour of Vairr {Dex+3}
  1756 | D:2      | Reached skill level 1 in Short Blades
  1964 | D:2      | Reached XP level 4. HP: 25/25 MP: 4/8
  2095 | D:2      | Reached skill level 5 in Air Magic
  3022 | D:3      | Found Xuug Neusm's Weapon Boutique.
  3132 | D:3      | Found a faded altar of an unknown god.
  3486 | D:4      | Reached XP level 5. HP: 29/29 MP: 4/9
  3539 | D:4      | Noticed Ijyb
  4075 | D:4      | Reached skill level 1 in Evocations
  4736 | D:5      | Entered Level 5 of the Dungeon
  4743 | D:4      | Reached XP level 6. HP: 34/34 MP: 6/11
  5018 | D:5      | Reached skill level 1 in Throwing
  5203 | D:5      | Gained mutation: Your magical flight helps you evade
                  | attacks. (EV +4) [Tengu growth]
  5203 | D:5      | Reached XP level 7. HP: 37/38 MP: 4/12
  5779 | D:5      | Found a staircase to the Ecumenical Temple.
  5798 | Temple   | Entered the Ecumenical Temple
  5807 | Temple   | Became a worshipper of Vehumet
  5947 | D:6      | Learned a level 4 spell: Airstrike
  5951 | D:6      | Learned a level 3 spell: Swiftness
  6084 | D:6      | Noticed Blork the orc
  6405 | D:6      | Noticed Pikel
  6415 | D:6      | Killed Pikel
  6416 | D:6      | Reached skill level 5 in Conjurations
  6416 | D:6      | Reached XP level 8. HP: 44/44 MP: 13/16
  6709 | D:6      | Reached skill level 5 in Spellcasting
  6886 | D:6      | Noticed Edmund
  6999 | D:6      | Noticed Menkaure
  7001 | D:6      | Killed Menkaure
  7002 | D:6      | Reached XP level 9. HP: 48/48 MP: 12/17
  7253 | D:6      | Killed Blork the orc
  7253 | D:6      | Reached * piety under Vehumet
  7253 | D:6      | Offered knowledge of Sting by Vehumet.
  7256 | D:6      | Learned a level 1 spell: Sting
  7488 | D:6      | Noticed a manticore
  7497 | D:6      | Killed a manticore
  7498 | D:6      | Reached skill level 10 in Air Magic
  7498 | D:6      | Reached skill level 1 in Alchemy
  7646 | D:4      | Killed Ijyb
  7764 | D:6      | Killed Edmund
  8083 | D:7      | Found a flagged portal.
  8126 | Bailey   | Entered a bailey
  8133 | Bailey   | Noticed an orc knight
  8300 | Bailey   | Identified the +3 pair of gloves of Words of Power {rC++}
  8326 | Bailey   | Reached ** piety under Vehumet
  8522 | Bailey   | Offered knowledge of Freeze by Vehumet.
  8703 | Bailey   | Killed an orc knight
  8704 | Bailey   | Reached skill level 5 in Armour
  8704 | Bailey   | Reached XP level 10. HP: 53/53 MP: 11/20
  9344 | D:7      | Offered knowledge of Searing Ray by Vehumet.
  9434 | D:7      | Learned a level 3 spell: Stone Arrow
  9632 | D:7      | Reached *** piety under Vehumet
 10601 | D:8      | Offered knowledge of Dazzling Flash by Vehumet.
 11121 | D:9      | Identified the ring of Yvving {MP+9 Str+3}
 11417 | D:9      | Noticed a cyclops
 11423 | D:9      | Noticed Psyche
 11430 | D:9      | Identified the +3 rapier "Zith" {speed, SInv Stlth+}
 11600 | D:9      | Killed Psyche
 11608 | D:9      | Noticed a two-headed ogre
 11612 | D:9      | Killed a two-headed ogre
 11612 | D:9      | Reached **** piety under Vehumet
 11613 | D:9      | Reached XP level 11. HP: 59/59 MP: 15/22
 11858 | D:9      | Killed a cyclops
 12137 | D:9      | Noticed a two-headed ogre
 12145 | D:9      | Killed a two-headed ogre
 12370 | D:9      | Offered knowledge of Hailstorm by Vehumet.
 12803 | D:10     | Entered Level 10 of the Dungeon
 12809 | D:10     | Identified the +5 falchion "Akhlikh" {drain, Str+5}
 12882 | D:10     | Found a bloodstained altar of Trog.
 13139 | D:10     | Identified 2 scrolls of acquirement
 13146 | D:10     | Acquired the amulet of Naet {RegenMP +Inv rPois}
 13179 | D:10     | Reached skill level 10 in Conjurations
 13192 | D:10     | Reached skill level 1 in Shields
 13280 | D:10     | Found a staircase to the Orcish Mines.
 13525 | D:10     | Noticed a deep elf pyromancer
 13549 | D:10     | Killed a deep elf pyromancer
 13579 | D:10     | Reached ***** piety under Vehumet
 13583 | D:10     | Offered knowledge of Ozocubu's Refrigeration by Vehumet.
 13739 | D:10     | Found a staircase to the Lair.
 13836 | D:10     | Reached skill level 1 in Staves
 14184 | D:10     | Found a stormy altar of Qazlal.
 14281 | D:11     | Reached XP level 12. HP: 64/64 MP: 12/24
 14545 | D:11     | Noticed a two-headed ogre
 14562 | D:11     | Killed a two-headed ogre
 14877 | D:11     | Found a portal to a secret trove of treasure.
 15555 | Lair:1   | Entered Level 1 of the Lair of Beasts
 15604 | Lair:1   | Reached skill level 15 in Air Magic
 15645 | Lair:1   | Found a runed translucent gate.
 15645 | Lair:1   | Found a runed translucent gate.
 15723 | Lair:1   | Found a runed translucent gate.
 15769 | Lair:1   | Noticed bmb222's ghost (journeyman FoMo)
 16038 | Lair:1   | Noticed Grum
 16085 | Lair:1   | Killed Grum
 17324 | Lair:2   | Noticed a skyshark
 17335 | Lair:2   | Killed a skyshark
 17409 | Lair:2   | Noticed a death yak
 17414 | Lair:2   | Acquired a +0 hat
 17431 | Lair:2   | Reached skill level 5 in Evocations
 17450 | Lair:2   | Noticed a death yak
 17554 | Lair:2   | Reached XP level 13. HP: 72/72 MP: 26/26
 17599 | Lair:1   | Reached skill level 5 in Fighting
 17775 | Lair:2   | Found a staircase to the Snake Pit.
 18566 | Lair:3   | Offered knowledge of Lee's Rapid Deconstruction by Vehumet.
 18986 | Lair:3   | Reached skill level 5 in Staves
 19332 | Lair:3   | Reached skill level 5 in Shields
 19864 | Lair:3   | Learned a level 5 spell: Lee's Rapid Deconstruction
 20756 | Lair:3   | Found a staircase to the Shoals.
 20953 | Lair:4   | Reached skill level 1 in Earth Magic
 21084 | Lair:4   | Reached XP level 14. HP: 80/80 MP: 10/28
 22224 | Lair:5   | Entered Level 5 of the Lair of Beasts
 22370 | Lair:5   | Reached skill level 10 in Armour
 22749 | Lair:5   | Found a staircase to the Slime Pits.
 22761 | Lair:5   | Found a viscous altar of Jiyva.
 22896 | Lair:5   | Offered knowledge of Conjure Ball Lightning by Vehumet.
 22904 | Lair:5   | Learned a level 6 spell: Conjure Ball Lightning
 24384 | Orc:1    | Entered Level 1 of the Orcish Mines
 24386 | Orc:1    | Noticed Josephine
 24661 | Orc:1    | Killed Josephine
 24662 | Orc:1    | Reached skill level 10 in Spellcasting
 25276 | Orc:2    | Entered Level 2 of the Orcish Mines
 25584 | Orc:2    | Offered knowledge of Freezing Cloud by Vehumet.
 25591 | Orc:2    | Learned a level 5 spell: Freezing Cloud
 25597 | Orc:2    | Found a staircase to the Elven Halls.
 25633 | Orc:2    | Reached XP level 15. HP: 86/86 MP: 30/30
 25716 | Orc:2    | Found Senwufro's Antique Armour Shop.
 25947 | Orc:2    | Bought a faintly humming scale mail for 234 gold pieces
 25947 | Orc:2    | Identified the +2 scale mail "Uckirghon" {^Drain rC+ Int+6}
                  | (You bought it in a shop on level 2 of the Orcish Mines)
 25991 | Orc:2    | Noticed an orc warlord
 26002 | Orc:2    | Killed an orc warlord
 26309 | Orc:2    | Found Bikhloyhe's Jewellery Boutique.
 26328 | Orc:2    | Found Xucycoox's Antique Weapon Shop.
 26525 | Orc:2    | Found Inwaixes's Antique Armour Shop.
 26551 | Orc:2    | Found Nintizxeq's Antique Weapon Emporium.
 26701 | Orc:2    | Bought the ring "Bapesaf" {rCorr Dex+3} for 432 gold pieces
 26897 | Lair:1   | Killed bmb222's ghost
 28201 | D:13     | Reached skill level 5 in Dodging
 28743 | D:13     | Acquired 558 gold pieces
 28745 | D:13     | Acquired the +7 lajatang of Order {silver, rMut}
 28745 | D:13     | Found the +7 lajatang of Order {silver, rMut}
 29101 | D:14     | Noticed Rupert
 29107 | D:14     | Paralysed by Rupert for 2 turns
 29115 | D:14     | Killed Rupert
 29122 | D:14     | Noticed Louise
 29299 | Shoals:1 | Entered Level 1 of the Shoals
 29299 | Shoals:1 | Found a glowing golden altar of the Shining One.
 29508 | Shoals:1 | Got the Lessons on Floating Necromantic Secrets
 29858 | Shoals:1 | Offered knowledge of Spellforged Servitor by Vehumet.
 29859 | Shoals:1 | Reached XP level 16. HP: 94/94 MP: 31/31
 29973 | Shoals:1 | Reached skill level 1 in Summonings
 30781 | Shoals:2 | Noticed Polyphemus
 30801 | Shoals:2 | Killed Polyphemus
 31258 | Shoals:2 | Noticed Ilsuiw
 31276 | Shoals:2 | Killed Ilsuiw
 32048 | Shoals:3 | Identified the +10 plate armour of Upsu {Regen+ Str-3
                  | Dex+5}
 32410 | Shoals:3 | Offered knowledge of Orb of Destruction by Vehumet.
 32411 | Shoals:3 | Reached skill level 15 in Conjurations
 32419 | Shoals:3 | Learned a level 7 spell: Orb of Destruction
 32971 | Shoals:3 | Found Cezikk's Commerce Corner.
 32980 | Shoals:3 | Bought a manual of Conjurations for 1600 gold pieces
 33426 | Shoals:4 | Entered Level 4 of the Shoals
 33726 | Shoals:4 | Identified the ring of Lies {*Slow rPois rN+ Dex+2}
 33805 | Shoals:4 | Found Cial Qomu's Antique Weapon Shop.
 33916 | Shoals:4 | Reached XP level 17. HP: 101/101 MP: 25/33
 34140 | Shoals:4 | Reached skill level 10 in Fighting
 34606 | Shoals:4 | Got Baol's Catalogue of the Amassed Blink Frog
 34943 | Shoals:4 | Got a barnacled rune of Zot
 35016 | Shoals:4 | Noticed a kraken
 35060 | Shoals:4 | Killed a kraken
 35426 | Snake:1  | Entered Level 1 of the Snake Pit
 37089 | Snake:2  | Offered knowledge of Bombard by Vehumet.
 37719 | Snake:2  | Reached XP level 18. HP: 108/108 MP: 18/35
 38093 | Snake:3  | Noticed Kirke
 38142 | Snake:2  | Killed Kirke
 39342 | Snake:4  | Entered Level 4 of the Snake Pit
 40616 | Snake:4  | Reached ****** piety under Vehumet
 40900 | Snake:4  | Offered knowledge of Chain Lightning by Vehumet.
 40900 | Snake:4  | Offered knowledge of Ignition by Vehumet.
 40900 | Snake:4  | Offered knowledge of Maxwell's Capacitive Coupling by
                  | Vehumet.
 41086 | Snake:4  | Identified the +9 war axe of the Dungeon {flame, rC- Int+4}
 41868 | Snake:4  | Reached XP level 19. HP: 77/115 MP: 13/36
 42119 | Snake:4  | Noticed Vashnia
 42152 | Snake:4  | Killed Vashnia
 42897 | Snake:4  | Got a serpentine rune of Zot
 43149 | D:14     | Killed Louise
 43541 | D:14     | Found a gate to the Vaults.
 44557 | D:15     | Entered Level 15 of the Dungeon
 45277 | D:15     | Found a radiant altar of Vehumet.
 45345 | D:15     | Identified the maw talisman "Pyrhew" {rN+ Int+3}
 45711 | D:15     | Found a staircase to the Depths.
 46130 | Shoals:4 | Bought a masterwork great sword for 379 gold pieces
 46130 | Shoals:4 | Identified the +6 great sword of Clean Responsibility
                  | {freeze, rElec Str+2 Stlth+} (You bought it in a shop on
                  | level 4 of the Shoals)
 46414 | Orc:2    | Bought a shiny ring mail for 203 gold pieces
 46432 | Orc:2    | Bought a runed scale mail for 203 gold pieces
 46477 | Elf:1    | Entered Level 1 of the Elven Halls
 46867 | Elf:1    | Noticed Norris
 46877 | Elf:1    | Killed Norris
 47037 | Elf:1    | Found Xusuad's Armour Shop.
 47810 | Elf:1    | Reached XP level 20. HP: 122/122 MP: 36/38
 48556 | Elf:1    | Learned a level 8 spell: Maxwell's Capacitive Coupling
 49027 | Elf:1    | Paralysed by an air elemental for 1 turns
 49452 | Elf:2    | Reached skill level 10 in Staves
 50099 | Elf:2    | Reached skill level 10 in Evocations
 50773 | Elf:2    | Found a runed translucent gate.
 50774 | Elf:2    | Found a runed translucent gate.
 50774 | Elf:2    | Found a runed translucent gate.
 51101 | Elf:3    | Entered Level 3 of the Elven Halls
 51330 | Elf:3    | Paralysed by an air elemental for 1 turns
 51607 | Elf:3    | Noticed Donald
 51614 | Elf:3    | Killed Donald
 51864 | Elf:3    | Found Falywn's Armour Emporium.
 52006 | Elf:3    | Found a radiant altar of Vehumet.
 52204 | Elf:3    | Identified the amulet of Cahasoaw {Spirit rElec}
 52500 | Elf:3    | Identified the +5 dagger "Mucoy" {antimagic, Fly}
 52642 | Elf:3    | Identified the +8 great mace "Magemnoq" {flame, rElec rPois
                  | Str-4 Int+3}
 52790 | Elf:3    | HP: 3/122 [deep elf sorcerer/damnation (44)]
 53365 | Elf:3    | Identified the +1 leather armour "Tocw" {Rampage Int+2}
 53365 | Elf:3    | Identified the ring "Semogubbi" {+Blink rN+ MP+9}
 53523 | Elf:3    | Reached XP level 21. HP: 117/127 MP: 37/40
 53858 | Elf:3    | Identified the orb of the Loofah {*Rage, rPois Str+2}
 54242 | Elf:3    | Identified the +9 orcbow of Honguw {heavy, rCorr Int+5
                  | SInv}
 54249 | Elf:3    | Identified the +2 shortbow of Righteous Fury {flame, rPois
                  | Will+ rCorr Stlth+}
 54584 | Vaults:1 | Entered Level 1 of the Vaults
 54894 | Vaults:1 | Reached skill level 1 in Unarmed Combat
 54944 | Vaults:1 | Identified the serpent talisman of the Centipede {rF+
                  | Str+3}
 54944 | Vaults:1 | Noticed Aizul
 54949 | Vaults:1 | Killed Aizul
 55214 | Vaults:1 | Noticed Zenata
 55759 | Vaults:1 | Noticed Nikola
 55764 | Vaults:1 | Killed Nikola
 55880 | Vaults:1 | Reached skill level 27 in Air Magic
 56989 | Vaults:1 | Identified the ring of Seotusil {rN+ EV+5 Int-5 Dex+3}
 58361 | Vaults:2 | Reached skill level 15 in Spellcasting
 58431 | Vaults:1 | Killed Zenata
 59718 | Vaults:2 | Found a staircase to the Crypt.
 59754 | Vaults:2 | Reached XP level 22. HP: 106/136 MP: 42/42
 60797 | D:11     | Learned a level 9 spell: Chain Lightning
 61207 | Vaults:3 | Reached skill level 10 in Dodging
 61646 | Vaults:3 | Identified the +5 quarterstaff "Plog" {holy, Int+6}
 61872 | Vaults:3 | Reached skill level 15 in Fighting
 63585 | Vaults:4 | Learned a level 4 spell: Summon Lightning Spire
 63639 | Vaults:4 | Reached skill level 5 in Unarmed Combat
 64842 | Crypt:1  | Entered Level 1 of the Crypt
 65003 | Crypt:1  | Reached XP level 23. HP: 144/144 MP: 11/44
 65460 | Crypt:1  | Found a huge runed gate.
 65460 | Crypt:1  | Found a huge runed gate.
 65460 | Crypt:1  | Found a huge runed gate.
 65461 | Crypt:1  | Found a huge runed gate.
 65461 | Crypt:1  | Found a huge runed gate.
 65463 | Crypt:1  | Found a huge runed gate.
 65489 | Crypt:1  | Found a huge runed gate.
 65489 | Crypt:1  | Found a huge runed gate.
 65489 | Crypt:1  | Found a huge runed gate.
 65489 | Crypt:1  | Found a huge runed gate.
 65489 | Crypt:1  | Found a huge runed gate.
 65489 | Crypt:1  | Found a huge runed gate.
 65489 | Crypt:1  | Found a huge runed gate.
 65495 | Crypt:1  | Found a huge runed gate.
 65495 | Crypt:1  | Found a huge runed gate.
 65495 | Crypt:1  | Found a huge runed gate.
 65495 | Crypt:1  | Found a huge runed gate.
 65495 | Crypt:1  | Found a huge runed gate.
 65496 | Crypt:1  | Found a huge runed gate.
 65531 | Crypt:1  | Found a huge runed gate.
 65531 | Crypt:1  | Found a huge runed gate.
 65534 | Crypt:1  | Found a huge runed gate.
 65535 | Crypt:1  | Found a huge runed gate.
 65536 | Crypt:1  | Found a huge runed gate.
 65539 | Crypt:1  | Found a huge runed gate.
 65939 | Crypt:1  | Found a huge runed gate.
 65941 | Crypt:1  | Found a huge runed gate.
 65941 | Crypt:1  | Found a huge runed gate.
 65941 | Crypt:1  | Found a huge runed gate.
 65941 | Crypt:1  | Found a huge runed gate.
 65942 | Crypt:1  | Found a huge runed gate.
 65942 | Crypt:1  | Found a huge runed gate.
 65942 | Crypt:1  | Found a huge runed gate.
 65944 | Crypt:1  | Found a huge runed gate.
 65944 | Crypt:1  | Found a huge runed gate.
 66180 | Crypt:1  | Found a huge runed gate.
 67232 | Crypt:2  | Noticed Mennas
 67399 | Depths:1 | Entered Level 1 of the Depths
 67770 | Depths:1 | Found Vet Radyj's Magic Scroll Shoppe.
 68415 | Depths:1 | Found a gateway to Hell.
 68427 | Depths:1 | Identified the +2 scale mail of the Prince of Darkness
                  | {Fly}
 68721 | Depths:1 | Reached skill level 15 in Armour
 69510 | Depths:2 | Found an opulent altar of Gozag.
 69540 | Depths:2 | Found a one-way gate leading to the halls of Pandemonium.
 70059 | Depths:2 | Reached XP level 24. HP: 128/150 MP: 46/46
 71049 | Depths:3 | Found Guonguso's Armour Shop.
 71305 | Depths:3 | Found a one-way gate to the infinite horrors of the Abyss.
 71385 | Depths:3 | Reached skill level 27 in Conjurations
 71720 | Depths:1 | Bought 3 scrolls of teleportation for 216 gold pieces
 71720 | Depths:1 | Bought a scroll of teleportation for 72 gold pieces
 71756 | Depths:4 | Entered Level 4 of the Depths
 71757 | Depths:4 | Noticed a juggernaut
 71759 | Depths:3 | Noticed a caustic shrike
 71892 | Depths:3 | Killed a caustic shrike
 71951 | Depths:4 | Noticed Xtahua
 71956 | Depths:4 | Killed Xtahua
 71969 | Depths:4 | Killed a juggernaut
 72985 | Depths:4 | Found a gate to the Realm of Zot.
 73054 | Depths:4 | Found a one-way gateway to a ziggurat.
 73193 | Depths:4 | Identified the ring "Jegoghess" {rElec rC- rCorr Int+6
                  | Stlth+}
 73274 | Depths:4 | Noticed a juggernaut
 73277 | Depths:4 | Killed a juggernaut
 73519 | Depths:4 | Found a bloodstained altar of Trog.
 73738 | Depths:4 | Upgraded the game from 0.31-a0-1321-g5021b54cb2 to
                  | 0.31-a0-1338-gb567cfdca4
 74041 | Slime:1  | Entered Level 1 of the Pits of Slime
 74633 | Slime:2  | Gained mutation: Your health recovers twice as slowly from
                  | being drained. [a shining eye]
 75675 | Slime:3  | Reached XP level 25. HP: 110/155 MP: 48/48
 76269 | Slime:4  | Paralysed by a formless jellyfish for 1 turns
 76847 | Slime:5  | Entered Level 5 of the Pits of Slime
 77426 | Slime:5  | Noticed the Royal Jelly
 77446 | Slime:5  | Killed the Royal Jelly
 77825 | Slime:5  | Identified the +0 spear "Afragash" {pain, rPois}
 77827 | Slime:5  | Identified the +9 spear of Beyond {holy, Str+4}
 77836 | Slime:5  | Got a slimy rune of Zot
 77841 | Slime:5  | Identified the +0 great mace "Killer Klown's Peril" {vamp,
                  | Str+7 Dex-5}
 78076 | Slime:5  | Identified the +5 long sword "Puicelu" {protect, Will+
                  | rCorr}
 78077 | Slime:5  | Identified the amulet "Siwujots" {Spirit Will- Str+5}
 78405 | Slime:5  | Identified the +2 leather armour "Arulu Wilaiv" {Str+3}
 79965 | Elf:2    | Noticed Azrael
 80255 | Elf:2    | Killed Azrael
 81037 | Crypt:1  | Noticed Goociwk's ghost (adept GrFi)
 81037 | Crypt:1  | Noticed Raxkuugy's ghost (master TeHu)
 81037 | Crypt:1  | Noticed Goociwk's ghost (adept GrFi)
 81037 | Crypt:1  | Noticed Hyrrirob's ghost (veteran GrEE)
 81038 | Crypt:1  | Noticed Uroast's ghost (veteran MiGl)
 81038 | Crypt:1  | Noticed Uferhotu's ghost (veteran MiGl)
 81041 | Crypt:1  | Noticed Waukhla's ghost (veteran KoBr)
 81078 | Crypt:1  | Killed Raxkuugy's ghost
 81147 | Crypt:1  | Killed Goociwk's ghost
 81330 | Crypt:1  | Killed Uroast's ghost
 81334 | Crypt:1  | Killed Uferhotu's ghost
 81338 | Crypt:1  | Killed Goociwk's ghost
 81343 | Crypt:1  | Killed Hyrrirob's ghost
 81381 | Crypt:1  | Killed Waukhla's ghost
 81446 | Crypt:1  | Identified the +3 cloak of Viwon {rCorr}
 81585 | Vaults:5 | Entered Level 5 of the Vaults
 81592 | Vaults:5 | Reached XP level 26. HP: 120/166 MP: 48/51
 81762 | Vaults:5 | Noticed a dread lich
 81811 | Vaults:5 | Identified the +6 war axe "Doroc" {heavy, Str+4 Int+3}
 81867 | Vaults:5 | Identified the +3 robe of Belen {*Corrode rElec rC+ Str+3}
 81877 | Vaults:5 | Killed a dread lich
 81961 | Vaults:5 | Noticed an ancient lich
 81964 | Vaults:5 | Killed an ancient lich
 82193 | Vaults:5 | Identified the +8 shortbow of Pestilence {freeze, *Corrode
                  | Will+++ Stlth+}
 82193 | Vaults:5 | Identified the +6 battleaxe "Sarcophage" {freeze, Str-4
                  | Dex+4 Stlth+}
 82427 | Vaults:5 | Identified the amulet of Romera {RegenMP Str-3 Int+2 SInv}
 82431 | Vaults:5 | Got a silver rune of Zot
 82435 | Vaults:5 | Identified the staff of Havoc {rElec rCorr Str-5 Dex+5
                  | Stlth- Air}
 82489 | Vaults:5 | Identified the +9 mace of Incongruity {flame, Dex+2}
 82601 | Vaults:5 | Noticed a dread lich
 82603 | Vaults:5 | Killed a dread lich
 82898 | Vaults:5 | Noticed an ancient lich
 82908 | Vaults:5 | Killed an ancient lich
 83639 | Vaults:5 | Got Ecirph's Omnibus of the Inquisitive Visionaries
 83939 | Crypt:2  | Killed Mennas
 84224 | Crypt:2  | Learned a level 4 spell: Iskenderun's Mystic Blast
 84335 | Crypt:2  | Noticed Saint Roka
 84339 | Crypt:2  | Killed Saint Roka
 84537 | Crypt:2  | Reached XP level 27. HP: 178/178 MP: 52/52
 85325 | Crypt:2  | Found a burning altar of Makhleb.
 85334 | Crypt:2  | Found a glowing golden altar of the Shining One.
 85551 | Crypt:3  | Entered Level 3 of the Crypt
 85648 | Crypt:3  | Reached skill level 1 in Fire Magic
 85917 | Crypt:3  | Identified the +4 hand axe of Pandemonium {elec, Dex+2}
 86189 | Crypt:3  | Learned a level 6 spell: Plasma Beam
 87196 | Crypt:3  | Found a staircase to the Tomb.
 87495 | Crypt:3  | Found a basalt altar of Yredelemnul.
 87498 | Crypt:3  | Found an ancient bone altar of Kikubaaqudgha.
 87516 | Crypt:3  | Got the Folio of Snow and Minerals
 87958 | Zot:1    | Entered Level 1 of the Realm of Zot
 88109 | Zot:1    | Reached skill level 5 in Fire Magic
 88385 | Zot:1    | Learned a level 5 spell: Arcjolt
 89702 | D:11     | You paid a toll of 7 potions of haste to enter a treasure
                  | trove
 89703 | Trove    | Entered a treasure trove
 89705 | Trove    | Found a bloodstained altar of Trog.
 89724 | Trove    | Identified the +7 morningstar "Lein" {flame, *Noise rC+
                  | Int+3 Dex+3}
 89741 | Trove    | Identified the +6 quarterstaff "Lobster4's Death" {freeze,
                  | Str+2}
 89745 | Trove    | Identified the +3 quarterstaff of Skirmishing {heavy, Int+3
                  | Stlth+}
 89766 | Trove    | Identified the +3 scimitar of Nirou {venom, rElec rF- Str+5
                  | Int+2}
 89768 | Trove    | Identified the +7 rapier of Jodaep {heavy, SInv}
 89773 | Trove    | Identified the +5 lajatang of the Warrior-Mage {freeze,
                  | rF+}
 89843 | D:11     | Learned a level 8 spell: Lehudib's Crystal Spear
 90694 | Zot:2    | Reached skill level 5 in Earth Magic
 91725 | Zot:3    | Noticed Vv
 91729 | Zot:3    | Killed Vv
 91871 | Zot:3    | Noticed an orb of fire
 91871 | Zot:3    | Gained mutation: You are frail. (-10% HP) [an orb of fire]
 91874 | Zot:2    | Killed an orb of fire
 91971 | Zot:3    | Found the +4 dragonskin cloak
 91971 | Zot:3    | Noticed Tiamat
 92253 | Zot:3    | Killed Tiamat
 92613 | Zot:3    | Reached skill level 27 in Spellcasting
 93406 | Zot:3    | Acquired the +9 staff of Olgreb {rPois∞}
 93406 | Zot:3    | Found the +9 staff of Olgreb {rPois∞}
 93410 | Zot:3    | Acquired the Information on Battle Magic
 94699 | Zot:5    | Entered Level 5 of the Realm of Zot
 95474 | D:11     | Learned a level 7 spell: Spellforged Servitor
 99104 | Zot:5    | Noticed a dread lich
 99112 | Zot:5    | Paralysed by a dread lich for 2 turns
 99114 | Zot:5    | Killed a dread lich
 99318 | Zot:5    | Noticed an orb of fire
 99323 | Zot:5    | Killed an orb of fire
 99335 | Zot:5    | Noticed a dread lich
 99339 | Zot:5    | Killed a dread lich
 99761 | Zot:5    | Reached skill level 5 in Summonings
100316 | Zot:5    | Noticed an ancient lich
100320 | Zot:5    | Killed an ancient lich
100461 | Zot:5    | Noticed a dread lich
100466 | Zot:5    | Killed a dread lich
100468 | Zot:5    | Noticed an ancient lich
100472 | Zot:5    | Killed an ancient lich
100819 | Zot:5    | Reached skill level 10 in Fire Magic
100832 | Zot:5    | Noticed an orb of fire
100836 | Zot:5    | Killed an orb of fire
100850 | Zot:5    | Noticed an ancient lich
100855 | Zot:5    | Killed an ancient lich
101102 | Zot:5    | Got the Orb of Zot
101106 | Zot:5    | Noticed Liyroluze the pandemonium lord
101113 | Zot:5    | Killed Liyroluze the pandemonium lord
101273 | Zot:1    | Noticed Woaripp the pandemonium lord
101532 | D:11     | Noticed Heucoar the pandemonium lord
101547 | D:11     | Noticed Penoskir the pandemonium lord
101553 | D:11     | Killed Penoskir the pandemonium lord
101676 | D:6      | Noticed a seraph
101678 | D:6      | Identified the +4 buckler of Hedonism {rElec Will- Str+2}
101803 | D:$      | Escaped with the Orb!

Illustrated notes

Levels and vault maps discovered:
D:1:      minmay_arrival_four_houses, layout_loops_corners
D:2:      layout_loops_cross, basic_altar, minmay_quadrilaterals
D:3:      layout_loops_ring, serial_shops, shop,
          shapermc_ecumenical_altar_mp_highgroup
D:4:      layout_basic, dreamdust_wishing_well, uniq_ijyb
D:5:      layout_rooms, minmay_temple_entry_proselytizer
D:6:      cheibrodos_two_vegetables, layout_gridville, hex_medium, uniq_edmund,
          uniq_pikel, uniq_blork_the_orc, uniq_menkaure
D:7:      layout_cave_pools, lightli_bailey_entry_fortress, dk_noncrumbling_4
D:8:      layout_rooms
D:9:      minmay_ornate_pinched, layout_rooms, eino_tiny_chamber, uniq_psyche
D:10:     layout_cave_pools, mainiacjoe_overflow_swirl, lair_entry_dummy,
          hiddenorc2_lemuel, dilly_guarded_unrand_elemental_staff
D:11:     layout_layer_cave, nicolae_trove_entry_free_sample
D:12:     layout_stronghold
D:13:     layout_loops_cross, serial_bayou, serial_bayou_shore_b,
          serial_bayou_crossing, serial_bayou_shore_a, serial_bayou_pond_b
D:14:     slaughterhouse, layout_cave_pools, erik_vaults_2, serial_demonic,
          serial_demonic_f, serial_demonic_g, serial_demonic_d,
          serial_demonic_b, uniq_louise, uniq_rupert
D:15:     gammafunk_enter_depths_forms, layout_rooms, minmay_crystal_water,
          nicolae_vehumet_radiance
Temple:   nicolae_temple_bog_church
Lair:1:   layout_loops_ring, ebering_ghost_rock_garden, grunt_megastairs_5,
          uniq_grum
Lair:2:   layout_long_grid, dummy_snake_entry
Lair:3:   layout_layer_cave, mainiacjoe_shoals_entry_four_pools,
          roderic_carrion_pond, kennysheep_rathole
Lair:4:   layout_cave_pods, beast_lair_carwin_8
Lair:5:   minmay_lair_end_enchanted_forest, layout_misc_corridors,
          nicolae_slime_entry_field_trip, lemuel_fruit_fields,
          lemuel_fruit_fields, infiniplex_staircase_pool_2
Shoals:1: layout_shoals, lemuel_oklob_altar
Shoals:2: layout_shoals, yaktaur_hedge, uniq_polyphemus, uniq_ilsuiw
Shoals:3: layout_shoals, nicolae_alphabet_shops, nicolae_shoals_songs
Shoals:4: shoals_end_grunt_ice, layout_shoals, serial_shops, shop
Snake:1:  layout_misc_corridors, st_stairs_14,
          nicolae_snake_yet_another_twisty_hallway, serial_bayou_shore_b
Snake:2:  layout_misc_corridors
Snake:3:  layout_basic, uniq_kirke
Snake:4:  grunt_snake_rune_serpentine_throne, layout_misc_corridors,
          nicolae_snake_salamander_fort
Slime:1:  layout_caves
Slime:2:  layout_caves
Slime:3:  layout_caves
Slime:4:  layout_caves, cheibrodos_slime_lost_civilization_4
Slime:5:  slime_pit_nicolae_block_by_block
Orc:1:    layout_caves, basic_altar, hangedman_minor_magic, uniq_josephine
Orc:2:    hellmonk_orc_salted, layout_diamond_mine, serial_shops,
          nicolae_shop_tiny_glass
Elf:1:    layout_onion_city, serial_shops, shop, nicolae_elf_crossing_hall,
          uniq_norris
Elf:2:    nicolae_elf_blades_crystal_corner, layout_gridlike,
          guppyfry_elf_castle, uniq_azrael
Elf:3:    grunt_elf_hall_asides, layout_onion_city, serial_shops,
          nicolae_diamond_shop, basic_altar, serial_glass, glass_columns_a,
          glass_columns_c, uniq_donald
Vaults:1: nicolae_vaults_specimen_jars, nicolae_vaults_weapon_check,
          ontoclasm_vaults_ligature, hangedman_vaults_slice,
          nicolae_vaults_trapezoid_lopsided_1,
          nicolae_vaults_little_guard_posts, nicolae_vaults_tangram_1,
          vaults_mumra_hexcomb, nicolae_vaults_closet_pinwheel_5,
          nicolae_vaults_heist, layout_vaults_quadrants, uniq_nikola,
          uniq_aizul, uniq_zenata
Vaults:2: vaults_room_semicircle, minmay_crypt_entry_simple_box, v_misc_5,
          ontoclasm_vaults_eye, vaults_mumra_minichess_inversion,
          nicolae_vaults_tetromino_Z_2, nicolae_vaults_twisting_passages,
          hangedman_vaults_nodes, vaults_standard_mumra_lines,
          grunt_vaults_bifocal, layout_vaults_maze_snakey, uniq_margery
Vaults:3: nicolae_vaults_six-pack, hangedman_vaults_variations,
          nicolae_vaults_double_plus_1, nicolae_vaults_doubleplus_tesselated,
          nicolae_vaults_storage_closets_2, nicolae_vaults_apartment_2,
          layout_vaults_chaotic_city
Vaults:4: vaults_room_door_hall, nicolae_vaults_storage_closets_3,
          nicolae_vaults_offset_grid_hallway_2, nicolae_vaults_layer_cake_slice,
          nicolae_vaults_network_s, nicolae_vaults_bisected_inception,
          v_pattern_2, nicolae_vaults_trapezoid_lopsided_1, grunt_vaults_twisty,
          v_rooms_2, nicolae_vaults_rhombus_5, nicolae_vaults_double_plus_3,
          vaults_dpeg_encased_lava, layout_vaults_omnibox
Vaults:5
Crypt:1:  layout_gridlike, gammafunk_ghost_door_vault, st_stairs_14
Crypt:2:  layout_misc_corridors, nzn_life_drinkers, uniq_mennas, uniq_saint_roka
Crypt:3:  lightli_unholy_cathedral, layout_chaotic_city,
          nicolae_tomb_entry_unfolded_pyramid_orthogonal
Depths:1: layout_forbidden_donut, hellmouth_2, serial_glass, glass_columns_a,
          glass_columns_a, grunt_ministairs_13, drop_trap,
          nicolae_take_the_stairs, minmay_librarian, grunt_megastairs_3
Depths:2: minmay_firetagon, layout_gridlike, nicolae_gozag_seed_capital,
          pf_vacation_house_of_asmodeus, rand_demon_pan_entry_8,
          kennysheep_kite_vault
Depths:3: minmay_bloctagon_deflated, layout_cross, serial_shops, shop,
          hangedman_coc_ice_floe, hangedman_abyss_entry_splay
Depths:4: evilmike_zot_entry_gauntlet, layout_long_grid, enter_ziggurat_f,
          hell_entry, minmay_room_of_horrors, bloody_trog, uniq_xtahua
Zot:1:    layout_onion_interference
Zot:2:    layout_onion
Zot:3:    layout_twisted_circle, regret_index_zotdec_icy_dp, uniq_vv,
          uniq_tiamat
Zot:4:    layout_twisted_circle, regret_index_zotdec_twisting_globes,
          lemuel_elevator
Zot:5:    layout_twisted_circle

Skill      XL: |  1  2  3  4  5  6  7  8  9 10 11 12 13 14 15 16 17 18 19 20 21 22 23 24 25 26 27 |
---------------+----------------------------------------------------------------------------------+-----
Fighting       | 1 2 3 4 6 7 8 9 10 11 12 13 15 17 19 21 | 21.5
Conjurations   | 2 3 5 6 7 9 10 11 12 13 14 15 17 18 20 22 23 24 26 27 | 27.0
Armour         | 1 2 3 5 6 7 8 9 10 11 12 13 15 | 15.0
Short Blades   | 1 |  1.0
Air Magic      | 5 6 8 9 11 13 14 15 17 18 20 21 22 23 24 26 27 | 27.0
Evocations     | 1 3 5 6 8 9 10 | 10.0
Throwing       | 1 |  1.0
Spellcasting   | 3 4 5 6 7 8 9 10 11 12 13 14 15 16 18 20 23 24 27 | 27.0
Dodging        | 3 4 5 7 9 10 12 | 12.0
Alchemy        | 2 |  2.0
Shields        | 2 4 5 6 |  6.0
Staves         | 1 4 5 6 8 9 10 | 10.0
Earth Magic    | 1 3 9 |  9.8
Summonings     | 2 7 |  7.6
Unarmed Combat | 3 5 |  5.0
Fire Magic     | 10 | 10.0
Stealth        | |  2.0

Action                     |  1- 3 |  4- 6 |  7- 9 | 10-12 | 13-15 | 16-18 | 19-21 | 22-24 | 25-27 || total
---------------------------+-------+-------+-------+-------+-------+-------+-------+-------+-------++-------
  Melee: Spear             |     1 |       |       |       |       |       |       |       |       ||     1
         Dagger            |     1 |     4 |     1 |     5 |       |       |       |       |       ||    11
         Peck              |       |     1 |       |     1 |     8 |     3 |     7 |     8 |    35 ||    63
         Kick              |       |       |       |     3 |    13 |    12 |    14 |    11 |    51 ||   104
         Rapier            |       |       |       |     1 |       |       |     1 |       |       ||     2
         Staff             |       |       |       |       |    28 |    22 |    31 |    15 |    40 ||   136
         Lajatang          |       |       |       |       |       |       |       |     2 |    41 ||    43
  Throw: Dart              |       |       |     4 |     5 |     5 |       |       |       |     6 ||    20
         Throwing net      |       |       |       |     2 |       |       |       |       |       ||     2
   Cast: Shock             |    82 |   130 |   145 |   193 |    45 |    59 |     3 |     1 |     3 ||   661
         Static Discharge  |       |     7 |    12 |    43 |    85 |    23 |    20 |    10 |     7 ||   207
         Airstrike         |       |       |    28 |   308 |   633 |   728 |   752 |   609 |   636 ||  3694
         Sting             |       |       |    15 |       |    17 |       |     8 |       |       ||    40
         Swiftness         |       |       |       |     2 |     3 |       |     1 |     3 |     7 ||    16
         Stone Arrow       |       |       |       |     1 |       |    13 |    14 |    15 |    14 ||    57
         Conjure Ball Ligh |       |       |       |       |    28 |    70 |   107 |    57 |    17 ||   279
         Orb of Destructio |       |       |       |       |       |     3 |     8 |    11 |    18 ||    40
         Freezing Cloud    |       |       |       |       |       |    34 |    34 |     4 |     1 ||    73
         Maxwell's Capacit |       |       |       |       |       |       |    24 |    30 |   106 ||   160
         Chain Lightning   |       |       |       |       |       |       |       |   238 |   330 ||   568
         Summon Lightning  |       |       |       |       |       |       |       |     3 |    55 ||    58
         Iskenderun's Myst |       |       |       |       |       |       |       |       |     3 ||     3
         Plasma Beam       |       |       |       |       |       |       |       |       |    51 ||    51
         Spellforged Servi |       |       |       |       |       |       |       |       |    29 ||    29
         Lehudib's Crystal |       |       |       |       |       |       |       |       |    22 ||    22
         Arcjolt           |       |       |       |       |       |       |       |       |     4 ||     4
Ability: Evoke Blink       |       |       |       |       |       |       |       |       |     1 ||     1
  Evoke: Wand              |       |       |    13 |     4 |       |     4 |     4 |     3 |    22 ||    50
         Sack of spiders   |       |       |       |       |       |       |       |       |     1 ||     1
    Use: Scroll            |       |       |    11 |    13 |    10 |    10 |    10 |     7 |    23 ||    84
         Potion            |       |       |     1 |       |     1 |     2 |     4 |     4 |    14 ||    26
   Stab: Distracted        |       |       |       |       |       |       |       |       |     2 ||     2
 Armour: Robe              |     3 |       |       |       |       |       |       |       |       ||     3
         Leather armour    |     1 |    29 |    39 |    48 |       |       |       |       |       ||   117
         Ring mail         |       |       |       |    96 |   333 |   400 |   461 |   311 |   191 ||  1792
         Skin              |       |       |       |       |       |       |       |     4 |       ||     4
         Quicksilver drago |       |       |       |       |       |       |       |       |   312 ||   312
  Dodge: Dodged            |    13 |    18 |    56 |   117 |   157 |   212 |   234 |   187 |   299 ||  1293
  Block: Buckler           |       |       |       |     2 |    51 |    82 |    82 |    33 |   100 ||   350

Table legend: (Time is in decaauts)
 A = Elapsed time spent in this place.
 B = Non-inter-level travel time spent in this place.
 C = Inter-level travel time spent in this place.
 D = Time resting spent in this place.
 E = Time spent auto-exploring this place.
 F = Levels seen in this place.
 G = Mean time per level.
                   A        B        C        D        E       F      G
               +--------+--------+--------+--------+--------+-----+--------+
         Total | 101968 |  88375 |  13593 |  24861 |  44879 |  58 | 1758.1 |
       Dungeon |  23124 |  19662 |   3462 |   4050 |  12106 |  15 | 1541.6 |
        Temple |     18 |     10 |      8 |      0 |      0 |   1 |   18.0 |
          Lair |   9485 |   8274 |   1211 |    783 |   5579 |   5 | 1897.0 |
        Shoals |   6444 |   5886 |    558 |   1338 |   3433 |   4 | 1611.0 |
     Snake Pit |   7636 |   7183 |    453 |   2907 |   2918 |   4 | 1909.0 |
    Slime Pits |   5247 |   4589 |    658 |   1297 |   2597 |   5 | 1049.4 |
  Orcish Mines |   2684 |   2026 |    658 |    449 |   1176 |   2 | 1342.0 |
   Elven Halls |   9375 |   8070 |   1305 |   3023 |   3135 |   3 | 3125.0 |
        Vaults |  13598 |  12054 |   1544 |   3998 |   5339 |   5 | 2719.6 |
         Crypt |   6029 |   5447 |    582 |   1883 |   2146 |   3 | 2009.7 |
        Depths |   8127 |   6051 |   2076 |   1537 |   3309 |   4 | 2031.8 |
           Zot |   9413 |   8338 |   1075 |   3383 |   3009 |   5 | 1882.6 |
         Trove |     85 |     85 |      0 |      0 |     12 |   1 |   85.0 |
        Bailey |    696 |    696 |      0 |    213 |    120 |   1 |  696.0 |
               +--------+--------+--------+--------+--------+-----+--------+

Top non-repeatable levels by time:
   Elf:1: 4055 daAuts
Vaults:1: 4025 daAuts
   Elf:3: 3411 daAuts
Vaults:2: 3223 daAuts
   Zot:5: 3105 daAuts
 Crypt:1: 2958 daAuts
Depths:4: 2590 daAuts
 Snake:3: 2497 daAuts
  Lair:3: 2485 daAuts
    D:10: 2355 daAuts
  Lair:1: 2334 daAuts
Vaults:3: 2313 daAuts
Depths:1: 2303 daAuts
Depths:2: 2287 daAuts
 Snake:4: 2220 daAuts
